 Dungeon Sprint DCSS version 0.31.0-9-g3a7656b989 (webtiles) character file.

Game seed: 11226362355766819839

182 Heoruswealwe the Spear-Bearer (level 5, 0/52 HPs)
             Began as a Minotaur Fighter on Feb 6, 2024.
             Slain by a two-headed ogre
             ... wielding a +0 giant spiked club
              (21 damage)
             ... in the Dungeon (Sprint IX: "|||||||||||||||||||||||||||||").
             The game lasted 00:01:14 (104 turns).

Heoruswealwe the Spear-Bearer (Minotaur Fighter)     Turns: 104, Time: 00:01:14

Health: 0/52       AC:  8    Str: 22    XL:     5   Next: 35%
Magic:  4/4        EV:  9    Int:  5    God:
Gold:   0          SH:  4    Dex: 10    Spells: 4/4 levels left

rFire   . . .        a - +0 trident
rCold   . . .        d - +0 buckler
rNeg    . . .        c - +0 scale mail
rPois   .            (helmet restricted)
rElec   .            (no cloak)
rCorr   .            (no gloves)
SInv    .            (no boots)
Will    .....        (no amulet) Stlth
                     (no ring)
HPRegen 0.28/turn    (no ring)
MPRegen 0.09/turn

%: no teleportation
@: no status effects
A: horns 2, retaliatory headbutt
a: no special abilities


You were in the Dungeon.
You visited 1 branch

Inventory:

Hand Weapons
 a - a +0 trident (weapon)
Armour
 c - a +0 scale mail (worn)
 d - a +0 buckler (worn)
Jewellery
 n - a +2 ring of evasion
 o - a +2 ring of evasion
Wands
 m - a wand of quicksilver (10)
Scrolls
 j - 2 scrolls of blinking
 l - 2 scrolls of amnesia
Potions
 b - a potion of might
 e - 5 potions of curing
 f - 3 potions of heal wounds
 g - a potion of haste
 h - 2 potions of magic
 i - a potion of berserk rage
 k - a potion of invisibility


   Skills:
 + Level 7.5 Fighting
 * Level 9.7 Polearms
 + Level 7.5 Armour
 - Level 3.6 Shields


You had 4 spell levels left.
You didn't know any spells.
Your spell library was empty.

Dungeon Overview and Level Annotations

Branches:
Dungeon (1/1)

Altars:
Cheibriados
Dithmenos
Elyvilon
Fedhas
Gozag
Hepliaklqana
Kikubaaqudgha
Makhleb
Nemelex Xobeh
Okawaru
Qazlal
Ru
Sif Muna
Trog
Uskayaw
Vehumet
Wu Jian
Xom
Yredelemnul
Zin
The Shining One
Jiyva
Lugonu


Innate Abilities, Weirdness & Mutations

You have a pair of horns on your head.
You reflexively headbutt those who attack you in melee.


Message History

There is a bloodstained altar of Trog here.
There is a hide-covered altar of Uskayaw here.
There is a radiant altar of Vehumet here.
There is an ornate altar of the Wu Jian Council here.
There is a shimmering altar of Xom here.
There is a basalt altar of Yredelemnul here.
There is a glowing silver altar of Zin here.
There is a glowing golden altar of the Shining One here.
You open the door.
Found five items.
Found a +2 ring mail.
There is an open door here.
Found a +2 ring of evasion.
k - a potion of invisibility;
f - 3 potions of heal wounds (gained 2)
e - 5 potions of curing (gained 4)
You see here 2 potions of magic.
Found a +2 ring of evasion.
l - 2 scrolls of amnesia;
j - 2 scrolls of blinking (gained 1)
m - a wand of quicksilver (10)
Items here: )))))).
Okay, then.
You see here a +0 helmet.
You see here a +0 pair of gloves.
You see here a +2 ring mail.
n - a +2 ring of evasion
o - a +2 ring of evasion You open the door.
A two-headed ogre, a gargoyle, a wraith, a yak and 2 dragons come into view.
The two-headed ogre shouts in stereo!
The acid dragon roars!
The yak bellows!
The steam dragon hisses angrily.
You puncture the two-headed ogre!
The two-headed ogre is moderately wounded.
You hit the two-headed ogre but do no damage.
The two-headed ogre is moderately wounded.
You block the two-headed ogre's attack.
The two-headed ogre hits you with a +0 giant club!
You hit the two-headed ogre. You headbutt the two-headed ogre!
The two-headed ogre is heavily wounded.
The two-headed ogre hits you with a +0 giant spiked club!!
You die... ▓▓▓▓▓▓▓▓▓▓▓▓▓▓▓▓▓▓▓▓▓▓▓▓ _______'!.).[[[.@OD9WY.D ▓▓▓▓▓▓▓▓▓▓▓▓▓▓▓▓▓▓▓▓▓▓▓▓

You could see a two-headed ogre, a yak, a wraith, a steam dragon, an acid dragon and a gargoyle.

Vanquished Creatures
  A phantom (D)
  2 hounds (D)
  2 iguanas (D)
  A hobgoblin (D)
  A quokka (D)
  3 kobolds (D)
10 creatures vanquished.

Notes
Turn   | Place    | Note
-------+----------+-------------------------------------------
     0 | D        | Heoruswealwe the Minotaur Fighter began the quest for the
                  | Orb.
     0 | D        | Reached XP level 1. HP: 19/19 MP: 0/0
    11 | D        | Reached skill level 3 in Polearms
    30 | D        | Noticed a phantom
    30 | D        | Noticed a hound
    30 | D        | Noticed a hound
    30 | D        | Noticed an iguana
    30 | D        | Noticed an iguana
    35 | D        | Killed a phantom
    36 | D        | Reached skill level 7 in Polearms
    36 | D        | Reached XP level 2. HP: 18/30 MP: 1/1
    36 | D        | Reached XP level 3. HP: 22/37 MP: 2/2
    36 | D        | Reached XP level 4. HP: 26/44 MP: 3/3
    38 | D        | Reached skill level 8 in Polearms
    49 | D        | Reached skill level 9 in Polearms
    49 | D        | Reached XP level 5. HP: 33/52 MP: 4/4
    59 | D        | Found a snail-covered altar of Cheibriados.
    59 | D        | Found a shadowy altar of Dithmenos.
    59 | D        | Found a white marble altar of Elyvilon.
    59 | D        | Found a blossoming altar of Fedhas.
    59 | D        | Found an opulent altar of Gozag.
    60 | D        | Found a hazy altar of Hepliaklqana.
    61 | D        | Found a viscous altar of Jiyva.
    62 | D        | Found an ancient bone altar of Kikubaaqudgha.
    63 | D        | Found a corrupted altar of Lugonu.
    64 | D        | Found a burning altar of Makhleb.
    65 | D        | Found a sparkling altar of Nemelex Xobeh.
    66 | D        | Found an iron altar of Okawaru.
    67 | D        | Found a stormy altar of Qazlal.
    68 | D        | Found a sacrificial altar of Ru.
    69 | D        | Found a shimmering blue altar of Sif Muna.
    70 | D        | Found a bloodstained altar of Trog.
    71 | D        | Found a hide-covered altar of Uskayaw.
    72 | D        | Found a radiant altar of Vehumet.
    73 | D        | Found an ornate altar of the Wu Jian Council.
    74 | D        | Found a shimmering altar of Xom.
    75 | D        | Found a basalt altar of Yredelemnul.
    76 | D        | Found a glowing silver altar of Zin.
    77 | D        | Found a glowing golden altar of the Shining One.
    85 | D        | Found the +16 obsidian axe {drain, demonic, Mesm ^Drain Fly
                  | SInv}
   101 | D        | Noticed a two-headed ogre
   101 | D        | Noticed an acid dragon
   101 | D        | Noticed a gargoyle
   101 | D        | Noticed a wraith
   101 | D        | Noticed a yak
   101 | D        | Noticed a steam dragon
   104 | D        | Slain by a two-headed ogre

Illustrated notes

Levels and vault maps discovered:
D:        linesprint [early_d, line_temple, items_1, d_10, items_2, lair_1,
          lair_end, items_3, orc_1, orc_end, items_4, d_15, swamp_1, shoals_1,
          snake_1, spider_1, d_20, vaults_1, items_5, swamp_end, shoals_end,
          snake_end, spider_end, vaults_end, d_27, items_6, zot_1, zot_end,
          crypt_end, forest_end, elf_end, slime_end, tomb_end, abyss_end,
          pan_hell_end]

Skill      XL: |  1  2  3  4 |
---------------+-------------+-----
Polearms       | 7 9 |  9.7
Fighting       | 6 7 |  7.5
Armour         | 6 7 |  7.5
Shields        | |  3.6

Action                     |  1- 3 |  4- 6 || total
---------------------------+-------+-------++-------
  Melee: Trident           |    25 |    20 ||    45
         Headbutt          |     2 |     3 ||     5
 Armour: Scale mail        |    13 |     9 ||    22
  Dodge: Dodged            |     4 |     6 ||    10
  Block: Buckler           |     8 |     6 ||    14
